 Dungeon Crawl Stone Soup version 0.19.1-1-g22dce08 (webtiles) character file.

1743 nikopol the Skirmisher (level 9, 0/56 HPs)
             Began as a Gargoyle Berserker on Jan 17, 2017.
             Was an Elder of Trog.
             Slain by a water moccasin (6 damage)
             ... on level 7 of the Dungeon.
             The game lasted 00:13:39 (6912 turns).

nikopol the Skirmisher (Gargoyle Berserker)         Turns: 6912, Time: 00:13:40

Health: 0/56       AC: 17    Str: 21    XL:     9   Next: 6%
Magic:  9/9        EV: 10    Int:  9    God:    Trog [****..]
Gold:   442        SH:  0    Dex: 11    Spells: 0 memorised, 8 levels left

rFire  . . .     SeeInvis .     a - +0 hand axe
rCold  . . .     Gourm    .     w - +0 chain mail
rNeg   + . .     Faith    .     (no shield)
rPois  ∞         Spirit   .     (no helmet)
rElec  +         Reflect  .     u - +0 cloak
rCorr  .         Harm     .     (no gloves)
MR     +....                    (no boots)
Stlth  ..........               (no amulet)
                                e - ring of protection from magic
                                (no ring)

@: exhausted
A: negative energy resistance 1, electricity resistance, unbreathing,
petrification resistance, rot immunity, AC +5
a: Berserk, Trog's Hand, Brothers in Arms, Burn Spellbooks, Renounce Religion


You were on level 7 of the Dungeon.
You worshipped Trog.
Trog was greatly pleased with you.
You were not hungry.

You visited 1 branch of the dungeon, and saw 7 of its levels.

You collected 442 gold pieces.

Inventory:

Hand Weapons
 a - a +0 hand axe (weapon)
Missiles
 k - 72 arrows (quivered)
Armour
 b - a +0 animal skin
 l - a +0 ring mail
 u - a +0 cloak (worn)
 w - a +0 chain mail (worn)
 y - a +0 scale mail
Jewellery
 d - an uncursed amulet of the gourmand {unknown}
 e - a ring of protection from magic (right hand)
Wands
 h - a wand of slowing (12/48)
 C - a wand of digging (13/24)
Scrolls
 f - 4 scrolls of magic mapping
 g - 8 scrolls of remove curse
 j - a scroll of noise {unknown}
 m - a scroll of recharging {unknown}
 n - a scroll of identify
 p - 3 scrolls of teleportation {unknown}
 q - 2 scrolls of immolation {unknown}
 t - a scroll of fog {unknown}
 x - a scroll of fear {unknown}
 D - a scroll of amnesia {unknown}
 E - a scroll of enchant weapon {unknown}
Potions
 o - a potion of agility
 r - a potion of heal wounds
 v - 2 potions of curing {unknown}
 z - 2 potions of ambrosia {unknown}
 A - 2 potions of beneficial mutation {unknown}
Comestibles
 c - 2 bread rations
 i - 2 meat rations
 s - 3 beef jerkies
 B - 5 chunks of flesh


   Skills:
 + Level 6.9 Fighting
 + Level 5.7 Axes
 + Level 6.6 Armour
 + Level 5.0 Dodging


You had 8 spell levels left.
You didn't know any spells.

Dungeon Overview and Level Annotations

Branches:
Dungeon (7/15)             Temple (0/1) D:7

Altars:

Shops:
D:4 %


Innate Abilities, Weirdness & Mutations

You are resistant to torment.
Your stone body is resilient. (AC +5)
You are immune to poison.
You resist negative energy. (rN+)
You are resistant to electric shocks. (rElec)
You can survive without breathing.
You are immune to petrification.
You are immune to rotting.


Message History

The water moccasin bites you.
* * * LOW HITPOINT WARNING * * *
You barely miss the water moccasin.
The water moccasin is heavily wounded.
The water moccasin barely misses you.
You barely miss the water moccasin.
The water moccasin is heavily wounded.
The water moccasin misses you.
You slash the water moccasin!
The water moccasin is severely wounded.
The water moccasin bites you but does no damage. x2
You miss the water moccasin.
The water moccasin is severely wounded.
The water moccasin bites you but does no damage.
An adder comes into view.
The adder hisses angrily.
You hit the water moccasin.
The water moccasin is severely wounded.
The water moccasin bites you.
You die...

..##.##.. ##...##
###..S....###
##.#.#.##
#...........
.........#
#.#.......###
###.#.#..#
#...........#
##......
#.........#.#
##.##..
#.........#.# ####..
#..).)..S.#.# #..
#/.###..@...# #..
..>
######.###########..
. #..............
#.####......... #.#
#.######## #.# #.#
..# #.# ### #.# #.#


You could see a water moccasin and an adder.

Vanquished Creatures
  Prince Ribbit (D:6)
  A hippogriff (D:7)
  A sky beast (D:7)
  A necrophage (D:6)
  3 phantoms
  An ogre (D:7)
  A bullfrog (D:6)
  A scorpion (D:4)
  The ghost of Alarkh the Chopper, a weakling DrMo (D:4)
  A howler monkey (D:5)
  A crimson imp (D:5)
  A jelly (D:4)
  2 bullfrog skeletons
  3 hounds
  An iguana (D:4)
  4 orc wizards
  5 worker ants
  A hound skeleton (D:4)
  A gnoll (D:5)
  7 adders
  2 shadow imps
  3 oozes (D:3)
  A dart slug (D:1)
  2 leopard geckos (D:2)
  20 orcs
  7 bats
  6 giant cockroaches
  5 hobgoblins
  11 jackals
  A quokka (D:6)
  2 ball pythons (D:1)
  6 frilled lizards
  A giant cockroach zombie (D:5)
  5 goblins
  A jackal zombie (D:5)
  9 kobolds
  2 leopard gecko skeletons (D:4)
  8 rats
130 creatures vanquished.

Notes
Turn   | Place    | Note
-------+----------+-------------------------------------------
     0 | D:1      | nikopol the Gargoyle Berserker began the quest for the Orb.
     0 | D:1      | Reached XP level 1. HP: 14/14 MP: 1/1
   125 | D:1      | Reached XP level 2. HP: 11/19 MP: 2/2
   800 | D:2      | Reached XP level 3. HP: 23/24 MP: 3/3
  1126 | D:2      | Reached ** piety under Trog
  1151 | D:2      | Reached XP level 4. HP: 23/29 MP: 4/4
  1995 | D:3      | Reached XP level 5. HP: 33/33 MP: 5/5
  2874 | D:4      | Reached XP level 6. HP: 36/39 MP: 6/6
  3337 | D:4      | HP: 2/58 [iguana (9)]
  3782 | D:4      | Reached *** piety under Trog
  3824 | D:4      | Noticed a phantom
  3890 | D:4      | Killed a phantom
  3890 | D:4      | Reached XP level 7. HP: 29/44 MP: 7/7
  4023 | D:4      | Noticed Alarkh's ghost (weakling DrMo)
  4030 | D:4      | Killed Alarkh's ghost
  4030 | D:4      | Reached skill level 5 in Fighting
  4037 | D:4      | Found Zyofok's Food Shop.
  4221 | D:5      | Entered Level 5 of the Dungeon
  4709 | D:5      | Reached skill level 5 in Armour
  5568 | D:5      | Reached XP level 8. HP: 26/51 MP: 8/8
  6140 | D:6      | Reached skill level 5 in Axes
  6219 | D:6      | Noticed Prince Ribbit
  6253 | D:6      | Killed Prince Ribbit
  6631 | D:7      | Found a staircase to the Ecumenical Temple.
  6637 | D:7      | Noticed a hippogriff
  6656 | D:7      | Killed a hippogriff
  6800 | D:7      | Reached XP level 9. HP: 53/56 MP: 9/9
  6867 | D:7      | Reached **** piety under Trog
  6867 | D:7      | Reached skill level 5 in Dodging
  6912 | D:7      | Slain by a water moccasin

Skill      XL: |  1  2  3  4  5  6  7  8  9 |
---------------+----------------------------+-----
Axes           | 3 4 5 |  5.7
Dodging        | 2 3 4 5 |  5.0
Fighting       | 4 5 6 |  6.9
Armour         | 3 4 5 6 |  6.6

Action                   |  1- 3 |  4- 6 |  7- 9 || total
-------------------------+-------+-------+-------++-------
Melee: Hand axe          |   107 |   271 |   413 ||   791
Invok: Berserk           |       |     2 |     2 ||     4
  Use: Scroll            |       |       |     6 ||     6
  Eat: Chunk             |       |    12 |    12 ||    24
Armor: Animal skin       |    17 |       |       ||    17
       Ring mail         |    41 |    85 |       ||   126
       Chain mail        |       |    33 |   307 ||   340
       Scale mail        |       |    23 |       ||    23
Dodge: Dodged            |    83 |   170 |   201 ||   454
